 Dungeon Crawl Stone Soup version 0.32-a0-42-ga30500b4d3 (webtiles) character file.

Game seed: 3409676440559723996

33520 Newt the Fighter (level 13, -14/100 HPs)
             Began as a Gargoyle Fighter on Feb 2, 2024.
             Was a High Priest of Okawaru.
             Demolished by a minotaur
             ... wielding a +0 war axe
              (22 damage)
             ... in a Gauntlet.
             The game lasted 00:22:33 (15528 turns).

Newt the Fighter (Gargoyle Fighter)                Turns: 15528, Time: 00:22:34

Health: -14/100    AC: 17    Str: 25    XL:     13   Next: 71%
Magic:  13/13      EV: 10    Int:  9    God:    Okawaru [*****.]
Gold:   1161       SH: 12    Dex:  7    Spells: 12/12 levels left

rFire   + + +        K - +6 falchion "Plog" {drain, rF+}
rCold   + . .        y - +0 kite shield
rNeg    + . .        E - +0 troll leather armour
rPois   ∞            x - +0 helmet
rElec   +            d - +0 cloak "Edyt Osob" {rElec Slay+4}
rCorr   .            A - +0 pair of gloves
SInv    .            (no boots)
Will    .....        s - amulet of reflection
Stlth   +            u - ring of protection from cold
HPRegen 1.16/turn    m - ring of the Equinox {Fly rPois rF+++ Dex-2 Slay+3}
MPRegen 0.13/turn

%: no teleportation, reflection, clarity
@: on berserk cooldown, flying
A: sickness immunity, AC +9, negative energy resistance 1, electricity
resistance, torment resistance 1, petrification resistance, clarity, robust 1,
wild magic 1
a: Renounce Religion, Heroism, Finesse, Duel


You were in a Gauntlet.
You worshipped Okawaru.
Okawaru was extremely pleased with you.
You visited 2 branches of the dungeon, and saw 14 of its levels.
You also visited: Gauntlet.

You collected 1369 gold pieces.
You spent 208 gold pieces at shops.

Inventory:

Hand Weapons
 a - a +1 flail
 K - the +6 falchion "Plog" (weapon) {drain, rF+}
   (You bought it in a shop on level 7 of the Dungeon)

   rF+:       It protects you from fire.
Missiles
 i - 2 throwing nets
 v - 22 poisoned darts
 w - 5 curare-tipped darts
 C - 8 javelins (quivered)
 F - 6 silver javelins
 G - 8 atropa-tipped darts
 P - 2 boomerangs
 T - a dart of dispersal
Armour
 b - a +0 scale mail
 c - a +1 buckler
 d - the +0 cloak "Edyt Osob" (worn) {rElec Slay+4}
   (You found it in a Gauntlet)

   Slay+4:    It affects your accuracy & damage with ranged weapons and melee
   (+4).
   rElec:     It insulates you from electricity.
 x - a +0 helmet (worn)
 y - a +0 kite shield (worn)
 A - a +0 pair of gloves (worn)
 B - a scarf of repulsion
 E - a +0 troll leather armour (worn)
 H - +0 steam dragon scales
 U - the +2 pair of boots "Ceubeqo" {Fly Str-3 Int+7 Dex+3}
   (You found it in a Gauntlet)

   Str-3:     It affects your strength (-3).
   Int+7:     It affects your intelligence (+7).
   Dex+3:     It affects your dexterity (+3).
   Fly:       It grants you flight.
Jewellery
 m - the ring of the Equinox (right hand) {Fly rPois rF+++ Dex-2 Slay+3}
   (You found it on level 13 of the Dungeon)

   [ring of flight]

   Dex-2:     It affects your dexterity (-2).
   Slay+3:    It affects your accuracy & damage with ranged weapons and melee
   (+3).
   rF+++:     It renders you almost immune to fire.
   rPois:     It protects you from poison Fly: It grants you flight.
 s - an amulet of reflection (around neck)
 u - a ring of protection from cold (left hand)
 D - a ring of flight
 R - a ring of ice
Wands
 l - a wand of flame (27)
 t - a wand of paralysis (15)
 z - a wand of iceblast (11)
 I - a wand of light (3)
Scrolls
 j - 3 scrolls of fog
 p - a scroll of immolation
 r - 5 scrolls of teleportation
 L - a scroll of blinking {unknown}
 O - a scroll of butterflies {unknown}
 S - a scroll of identify
Potions
 e - a potion of lignification
 f - 5 potions of ambrosia
 g - 2 potions of brilliance
 h - a potion of curing
 n - 2 potions of cancellation
 o - 5 potions of mutation
 q - a potion of haste {unknown}
 J - a potion of degeneration {unknown}
 M - a potion of enlightenment
 N - a potion of attraction
 Q - a potion of berserk rage
Miscellaneous
 V - a lightning rod (4/4)


   Skills:
 + Level 14.8 Fighting
 - Level 10.0 Long Blades
 - Level 5.0 Maces & Flails
 - Level 9.8 Throwing
 - Level 8.7 Armour
 * Level 3.2 Shields
 - Level 6.0 Evocations


You had 12 spell levels left.
You didn't know any spells.
Your spell library contained the following spells:

 Spells                   Type           Power      Damage    Failure   Level
 Sting                    Conj/Alch      0%         1d3       75%         1
 Jinxbite                 Hex            0%         N/A       87%         2
 Mercury Vapours          Alch/Air       0%         N/A       87%         2
 Mephitic Cloud           Conj/Alch/Air  0%         N/A       98%         3
 Ozocubu's Armour         Ice            0%         N/A       98%         3
 Dispel Undead            Necr           0%         3d6       100%        4
 Olgreb's Toxic Radiance  Alch           0%         N/A       100%        4
 Passage of Golubria      Tloc           0%         N/A       100%        4
 Freezing Cloud           Conj/Ice/Air   0%         6-21      100%        5
 Metabolic Englaciation   Hex/Ice        0%         N/A       100%        5
 Silence                  Hex/Air        0%         N/A       100%        5
 Yara's Violent Unravell  Hex/Alch       0%         3d3       100%        5
 Enfeeble                 Hex            0%         N/A       100%        7
 Ozocubu's Refrigeration  Ice            0%         4d7       100%        7
 Lehudib's Crystal Spear  Conj/Erth      0%         10d2      100%        8
 Polar Vortex             Ice            0%         N/A       100%        9
 Animate Dead             Necr           Unusable   N/A       N/A         4
 Death Channel            Necr           Unusable   N/A       N/A         6
 Sculpt Simulacrum        Ice/Alch       Unusable   N/A       N/A         6

Dungeon Overview and Level Annotations

Branches:
Dungeon (13/15)            Temple (1/1) D:6            Lair (0/5) D:9
    Orc (0/2) D:12        Gauntlet (1/1)
 Vaults: D:13-14

Altars:
Ashenzari
Cheibriados
Dithmenos
Elyvilon
Fedhas
Gozag
Hepliaklqana
Kikubaaqudgha
Makhleb
Nemelex Xobeh
Okawaru
Qazlal
Ru
Sif Muna
Trog
Uskayaw
Vehumet
Wu Jian
Xom
Yredelemnul
Zin
The Shining One

Shops:
D:7 (

Annotations:
D:3 1 runed translucent door, Crazy Yiuf Gauntlet 7 transporters, 3 runed translucent doors, exclusion: obsidian statue


Innate Abilities, Weirdness & Mutations

You are immune to sickness and miasma.
Your stone body is resilient. (AC +9)
You are immune to poison.
You resist negative energy. (rN+)
You are resistant to electric shocks. (rElec)
You are resistant to unholy torment.
You are immune to petrification.
You possess an exceptional clarity of mind.
You are robust. (+10% HP)
Your spells are a little harder to cast, but a little more powerful.


Message History

The minotaur is moderately wounded.
The minotaur hits you with a +0 war axe.
You block the minotaur's attack.
The minotaur hits you with a +0 war axe!!
* * * LOW HITPOINT WARNING * * *
The minotaur barely misses you.
Unknown command.
Throw: 3 throwing nets
Press: ? - help, Shift-Dir - straight line, f/p - minotaur
Aim: a minotaur, wielding a +0 war axe, wearing a +0 plate armour, wearing the amulet of Xom's Sleight of Hands {Spirit rElec} and quivering javelins (lightly wounded, blind, unable to see you, lightly drained, 81% to hit)
You throw a throwing net.
The throwing net completely misses the minotaur.
The minotaur hits you with a +0 war axe!
* * * LOW HITPOINT WARNING * * *
You block the minotaur's attack.
You feel better.
The minotaur is no longer blind.
You block the minotaur's attack. The minotaur misses you.
You block the minotaur's attack. The minotaur closely misses you.
You block the minotaur's attack. x2
Okay, then.
Aiming: Bolt of Light
Press: ? - help, Shift-Dir - straight line, f/p - minotaur
Aim: a minotaur, wielding a +0 war axe, wearing a +0 plate armour, wearing the amulet of Xom's Sleight of Hands {Spirit rElec} and quivering javelins (lightly wounded, lightly drained, 88% to hit)
The bolt of light hits the minotaur.
The minotaur is lightly wounded.
The minotaur is blinded.
The minotaur hits you with a +0 war axe!!
* * * LOW HITPOINT WARNING * * *
The minotaur closely misses you.
Unknown command.
Unknown command.
As you read the scroll of fear, it crumbles to dust.
You assume a fearsome visage.
The minotaur looks frightened!
You feel yourself speed up.
As you read the scroll of fear, it crumbles to dust.
You assume a fearsome visage.
The minotaur resists with almost no effort.
The minotaur is no longer blind.
The minotaur hits you with a +0 war axe!!
You die...

.≈##...#
.###.♣.#######
..##...##....#
...#.♣.##.##.#
P♣.#......##.#
...#.©.##.##.#######
...#...##....#.#≈≈≈#
...#.©.##.##.#.#.≈≈#
∩..#......##('.H@∩≈#
...#.©.##.##.#.#.≈≈#
...#...##....#.#≈≈≈#
.P.#.©.##.##.#######
P♣.#......##.#
P..#.♣.##.##.#
..##...##....#
.###.♣.# ####
.≈##...#


You could see a minotaur (drained).

Vanquished Creatures
  Josephine (D:11)
  Fannar (D:12)
  A hydra (D:13)
  A catoblepas (Gauntlet)
  3 two-headed ogres
  3 boulder beetles
  Urug (D:11)
  The ghost of Azoth the Martial Artist, a novice OpSh (D:7)
  An obsidian statue (Gauntlet)
  Pikel (D:7)
  A cyclops (D:11)
  3 ugly things
  A moth of wrath (Gauntlet)
  Joseph (D:8)
  3 gargoyles
  Maggie (D:7)
  A rime drake (shapeshifter) (D:13)
  A komodo dragon (D:12)
  Jeremiah (D:7)
  4 trolls
  2 hornets
  7 slime creatures
  2 shadows
  A vampire (D:13)
  7 wraiths
  A warg (D:12)
  6 wyverns
  16 yaks
  A human (D:12)
  6 vampire mosquitoes
  3 water moccasins (D:6)
  2 ice beasts
  A sky beast (D:6)
  3 orc warriors
  A black bear (D:8)
  6 wolves
  2 ogres (D:6)
  3 centaurs
  A kobold brigand (D:7)
  A lemure (D:7)
  2 bullfrogs
  2 gnoll sergeants
  4 scorpions
  17 wights
  14 killer bees
  2 howler monkeys
  3 electric eels
  10 hounds
  2 gnoll boudas
  8 orc priests
  2 jellies
  Ijyb (D:3)
  2 iguanas
  11 orc wizards
  18 gnolls
  5 adders
  A shadow imp (D:7)
  4 dart slugs
  2 ribbon worms (D:2)
  41 orcs
  5 ball pythons
  9 endoplasms
  15 goblins
  8 hobgoblins
  3 jackals (D:3)
  A quokka (D:1)
  5 bats
  3 frilled lizards
  19 kobolds
  3 rats
325 creatures vanquished.

Vanquished Creatures (others)
  A kobold brigand (D:8)
1 creature vanquished.

Grand Total: 326 creatures vanquished

Notes
Turn   | Place    | Note
-------+----------+-------------------------------------------
     0 | D:1      | Newt the Gargoyle Fighter began the quest for the Orb.
     0 | D:1      | Reached XP level 1. HP: 14/14 MP: 1/1
   318 | D:1      | Reached XP level 2. HP: 19/19 MP: 2/2
   752 | D:1      | Reached XP level 3. HP: 24/24 MP: 3/3
  1482 | D:2      | Reached skill level 4 in Fighting
  1870 | D:3      | Reached XP level 4. HP: 11/29 MP: 4/4
  2065 | D:3      | Found a blossoming altar of Fedhas.
  2194 | D:3      | Reached XP level 5. HP: 29/34 MP: 5/5
  2230 | D:3      | Found a sacrificial altar of Ru.
  2491 | D:3      | Found a runed translucent door.
  2492 | D:3      | Noticed Crazy Yiuf
  2579 | D:3      | Noticed Ijyb
  2580 | D:3      | Paralysed by Ijyb for 2 turns
  2588 | D:3      | Paralysed by Ijyb for 2 turns
  2590 | D:3      | Killed Ijyb
  2743 | D:3      | You fall into a shaft and drop 1 floor!
  3575 | D:4      | Reached skill level 5 in Maces & Flails
  3755 | D:5      | Entered Level 5 of the Dungeon
  3761 | D:5      | Reached skill level 5 in Fighting
  3761 | D:5      | Reached XP level 6. HP: 37/40 MP: 6/6
  3790 | D:5      | Reached skill level 1 in Throwing
  4284 | D:5      | Reached XP level 7. HP: 42/44 MP: 7/7
  4667 | D:6      | Reached skill level 6 in Fighting
  4693 | D:6      | Found a staircase to the Ecumenical Temple.
  4717 | D:6      | Reached XP level 8. HP: 47/52 MP: 8/8
  4807 | D:6      | Noticed a yak
  4812 | D:6      | Found an opulent altar of Gozag.
  4814 | D:6      | Noticed a yak
  4814 | D:6      | Noticed a yak
  4814 | D:6      | Noticed a yak
  4816 | D:6      | Found a shimmering blue altar of Sif Muna.
  4825 | D:6      | Killed a yak
  4826 | D:6      | Reached skill level 5 in Throwing
  4908 | D:6      | Killed a yak
  4909 | D:6      | Reached skill level 7 in Fighting
  4910 | D:6      | Killed a yak
  4916 | D:6      | Killed a yak
  5329 | D:6      | Reached XP level 9. HP: 57/59 MP: 9/9
  5329 | D:6      | Gained mutation: You are dopey. (Int -2) [potion of
                  | mutation]
  5436 | D:6      | Lost mutation: You are dopey. (Int -2) [potion of mutation]
  5436 | D:6      | Gained mutation: Your spells are a little harder to cast,
                  | but a little more powerful. [potion of mutation]
  5436 | D:6      | Gained mutation: You possess an exceptional clarity of
                  | mind. [potion of mutation]
  5436 | D:6      | Gained mutation: You are robust. (+10% HP) [potion of
                  | mutation]
  5568 | D:6      | Reached skill level 8 in Fighting
  5714 | D:6      | Found a glowing silver altar of Zin.
  5717 | D:6      | Found a bloodstained altar of Trog.
  5967 | D:6      | Found a basalt altar of Yredelemnul.
  5967 | D:6      | Found a burning altar of Makhleb.
  5967 | D:6      | Found a shadowy altar of Dithmenos.
  5968 | D:6      | Found a hazy altar of Hepliaklqana.
  6278 | D:7      | Reached skill level 9 in Fighting
  6358 | D:7      | Noticed Maggie
  6383 | D:7      | Killed Maggie
  6465 | D:7      | Noticed Jeremiah
  6472 | D:7      | Killed Jeremiah
  6473 | D:7      | Reached XP level 10. HP: 46/72 MP: 10/10
  6564 | D:7      | Noticed Pikel
  6590 | D:7      | Killed Pikel
  6846 | D:7      | Found Komerib's Antique Weapon Emporium.
  6864 | D:7      | Bought a polished falchion for 208 gold pieces
  6864 | D:7      | Identified the +6 falchion "Plog" {drain, rF+} (You bought
                  | it in a shop on level 7 of the Dungeon)
  6890 | D:7      | Found a transporter.
  6893 | D:7      | Found a transporter.
  6897 | D:7      | Noticed Azoth's ghost (novice OpSh)
  7125 | D:7      | Reached skill level 1 in Long Blades
  7139 | D:7      | Reached skill level 10 in Fighting
  7560 | D:7      | Killed Azoth's ghost
  8387 | D:8      | Noticed Joseph
  8407 | D:8      | Killed Joseph
  8510 | D:8      | Reached skill level 5 in Long Blades
  8676 | D:8      | Noticed a two-headed ogre
  8709 | D:8      | Killed a two-headed ogre
  8710 | D:8      | Reached skill level 11 in Fighting
  8710 | D:8      | Reached XP level 11. HP: 42/81 MP: 11/11
  9114 | Temple   | Entered the Ecumenical Temple
  9133 | Temple   | Became a worshipper of Warmaster Okawaru
  9652 | D:9      | Identified a scroll of acquirement
  9654 | D:9      | Acquired 690 gold pieces
  9677 | D:9      | Reached * piety under Okawaru
  9720 | D:9      | Found a staircase to the Lair.
 10572 | D:10     | Entered Level 10 of the Dungeon
 10576 | D:10     | Reached skill level 12 in Fighting
 10576 | D:10     | Reached skill level 10 in Long Blades
 10576 | D:10     | Reached XP level 12. HP: 90/90 MP: 12/12
 10684 | D:10     | Reached skill level 1 in Evocations
 10862 | D:10     | Reached skill level 13 in Fighting
 10874 | D:10     | Reached ** piety under Okawaru
 11250 | D:10     | Noticed a two-headed ogre
 11268 | D:10     | Killed a two-headed ogre
 11923 | D:11     | Noticed Urug
 11938 | D:11     | Killed Urug
 12362 | D:11     | Reached *** piety under Okawaru
 13109 | D:12     | Noticed Josephine
 13111 | D:12     | Noticed a boulder beetle
 13140 | D:11     | Reached skill level 5 in Evocations
 13182 | D:11     | Killed Josephine
 13183 | D:11     | Reached XP level 13. HP: 56/97 MP: 13/13
 13467 | D:12     | Reached **** piety under Okawaru
 13763 | D:12     | Reached skill level 14 in Fighting
 13786 | D:12     | Reached skill level 5 in Armour
 13936 | D:12     | Found a staircase to the Orcish Mines.
 14145 | D:12     | Reached ***** piety under Okawaru
 14264 | D:12     | Noticed Fannar
 14288 | D:12     | Killed Fannar
 14847 | D:13     | Identified the ring of the Equinox {Fly rPois rF+++ Dex-2
                  | Slay+3}
 14863 | D:13     | Received a gift from Okawaru
 14901 | D:13     | Noticed a vault guard
 15006 | D:13     | Found a gate leading to a gauntlet.
 15015 | Gauntlet | Entered a Gauntlet
 15015 | Gauntlet | Found a transporter.
 15022 | Gauntlet | Found a transporter.
 15024 | Gauntlet | Found a transporter.
 15035 | Gauntlet | Found a transporter.
 15038 | Gauntlet | Found a transporter.
 15049 | Gauntlet | Found a transporter.
 15061 | Gauntlet | Found a runed translucent door.
 15068 | Gauntlet | Found a transporter.
 15079 | Gauntlet | Found a transporter.
 15087 | Gauntlet | Noticed a dire elephant
 15091 | Gauntlet | Found a transporter.
 15106 | Gauntlet | Found a runed translucent door.
 15106 | Gauntlet | Found a runed translucent door.
 15110 | Gauntlet | Found a transporter.
 15124 | Gauntlet | Found a transporter.
 15172 | Gauntlet | Found a transporter.
 15186 | Gauntlet | Found a transporter.
 15292 | Gauntlet | HP: 5/100 [moth of wrath (10)]
 15388 | Gauntlet | Got the Spellbook of Cadavers
 15430 | Gauntlet | Identified the +2 pair of boots "Ceubeqo" {Fly Str-3 Int+7
                  | Dex+3}
 15466 | Gauntlet | Identified the +0 cloak "Edyt Osob" {rElec Slay+4}
 15512 | Gauntlet | Identified the amulet of Xom's Sleight of Hands {Spirit
                  | rElec}
 15512 | Gauntlet | Noticed a minotaur
 15524 | Gauntlet | HP: 1/100 [minotaur/+0 war axe (21)]
 15528 | Gauntlet | Demolished by a minotaur

Illustrated notes

Levels and vault maps discovered:
D:1:      erik_arrival_cave_to_civilisation [erik_arrival_cave_to_hall],
          layout_basic
D:2:      layout_loops_ring, minmay_indecisive_spiral
D:3:      kennysheep_goblin_castle, layout_basic,
          nicolae_overflow_crystal_walls, lemuel_round_altar, nrook_campfire,
          uniq_crazy_yiuf_cottage
D:4:      layout_loops_ring
D:5:      layout_gridville, wad_floor_pattern_untrapped
D:6:      layout_cave_pods, minitemple, mainiacjoe_overflow_catwalk_spiral,
          temple_statues
D:7:      layout_basic, gammafunk_ghost_hive, serial_shops,
          nicolae_shop_crystal, corexii_item_surrounded_by_moat, uniq_maggie,
          uniq_jeremiah, uniq_pikel
D:8:      layout_loops_cross, uniq_joseph
D:9:      layout_roguey, erik_lair_island, serial_glass, glass_columns_c,
          glass_columns_a, glass_columns_c, glass_columns_c
D:10:     layout_rooms, kennysheep_generic_room_16
D:11:     layout_layer_cave, uniq_urug
D:12:     layout_basic, erik_orc_4, uniq_josephine, uniq_fannar
D:13:     layout_irregular_city, david_vaults_4, gauntlet_entry_generic
Temple:   nicolae_temple_slightly_damp_pantheon
Gauntlet: minmay_gauntlet_77_tree [minmay_gauntlet_arena_77_two_lines,
          minmay_gauntlet_arena_77_block_sizes,
          minmay_gauntlet_arena_77_squiggly,
          minmay_gauntlet_arena_77_shame_cube,
          minmay_gauntlet_arena_77_terracotta_army,
          minmay_gauntlet_arena_77_chump_sandwich,
          minmay_gauntlet_arena_77_path, gauntlet_exit_watery]

Skill      XL: |  1  2  3  4  5  6  7  8  9 10 11 12 13 |
---------------+----------------------------------------+-----
Maces & Flails | 3 4 5 |  5.0
Fighting       | 4 5 6 7 9 11 12 13 14 | 14.8
Throwing       | 2 4 7 9 |  9.8
Long Blades    | 6 10 | 10.0
Evocations     | 5 6 |  6.0
Armour         | 8 |  8.7
Shields        | |  3.2

Action                     |  1- 3 |  4- 6 |  7- 9 | 10-12 | 13-15 || total
---------------------------+-------+-------+-------+-------+-------++-------
  Melee: Flail             |   114 |   169 |   215 |    24 |       ||   522
         Falchion          |       |       |       |   525 |   369 ||   894
  Throw: Dart              |     9 |    10 |    14 |    10 |    16 ||    59
         Javelin           |       |     4 |    33 |    19 |    14 ||    70
         Boomerang         |       |       |       |    14 |       ||    14
         Throwing net      |       |       |       |       |     4 ||     4
  Evoke: Wand              |       |       |       |     2 |    11 ||    13
    Use: Scroll            |     2 |     7 |     2 |     5 |     4 ||    20
         Potion            |       |       |     5 |     3 |     8 ||    16
   Stab: Paralysed         |       |       |       |     5 |    21 ||    26
         Invisible         |       |       |       |       |     2 ||     2
 Armour: Scale mail        |    95 |   110 |   141 |       |       ||   346
         Steam dragon scal |       |       |       |   422 |       ||   422
         Troll leather arm |       |       |       |    74 |   252 ||   326
  Dodge: Dodged            |    48 |    56 |    64 |   295 |   134 ||   597
         Repelled          |       |       |       |     5 |     1 ||     6
  Block: Buckler           |    30 |    57 |       |       |       ||    87
         Reflection        |       |     1 |     1 |    15 |     2 ||    19
         Kite shield       |       |    17 |   163 |   485 |   238 ||   903

Table legend: (Time is in decaauts)
 A = Elapsed time spent in this place.
 B = Non-inter-level travel time spent in this place.
 C = Inter-level travel time spent in this place.
 D = Time resting spent in this place.
 E = Time spent auto-exploring this place.
 F = Levels seen in this place.
 G = Mean time per level.
                   A        B        C        D        E       F      G
               +--------+--------+--------+--------+--------+-----+--------+
         Total |  15764 |  15028 |    736 |   3504 |   8303 |  15 | 1050.9 |
       Dungeon |  15200 |  14502 |    698 |   3411 |   8113 |  13 | 1169.2 |
        Temple |     38 |      1 |     37 |      0 |      0 |   1 |   38.0 |
      Gauntlet |    525 |    525 |      0 |     93 |    190 |   1 |  525.0 |
               +--------+--------+--------+--------+--------+-----+--------+

Top non-repeatable levels by time:
     D:7: 1949 daAuts
    D:11: 1693 daAuts
    D:12: 1548 daAuts
     D:6: 1497 daAuts
     D:9: 1361 daAuts
     D:3: 1347 daAuts
     D:8: 1207 daAuts
    D:10: 997 daAuts
     D:1: 982 daAuts
     D:5: 919 daAuts
     D:2: 866 daAuts
     D:4: 615 daAuts
Gauntlet: 525 daAuts
    D:13: 212 daAuts
  Temple: 38 daAuts
